AoeStats
← Blue

Arena

509454412Analyzed
4v4 RM · 7d ago on Sep 26, 2026· 13m 23s· 8 players
Game mode
Random Map
Map size
Large (8 player)
Population
200
Speed
Normal
Resources
Standard
Victory
Conquest
Starting age
Dark Age
Ending age
Imperial Age
RankedLock teamsTeams togetherTeam positionsShared explorationLock speedFull tech treeHidden civsTurbo modeCheats
Victory
Defeat
🇲🇽 Britons · Mexico
1532
+11
🇪🇪 Bohemians · Estonia
1478
+13
🇺🇸 Ethiopians · United States
1357
+18
🇲🇽 Spanish · Mexico
1295
+22
🇨🇿 Persians · Czechia
1492
-19
🇩🇪 Lithuanians · Germany
1407
-16
🇬🇧 Malians · United Kingdom
1397
-15
🇩🇪 Burgundians · Germany
1371
-14
PeterPan
10:02 Feudal Age
10:13 Feudal Age
14:19 Castle Age
Blue
10:55 Feudal Age
Bananaman651
10:23 Feudal Age
14:10 Castle Age
12:32 Double-Bit Axe
Replikator
5:26 Double-Bit Axe
9:38 Horse Collar
12:30 Feudal Age
:) Onta Roncha Moras
10:33 Feudal Age
11:37 Loom
15:10 Castle Age
13:00 Double-Bit Axe
:) Regresa rocha moya
11:10 Feudal Age
14:53 Castle Age
13:08 Double-Bit Axe
13:35 Horse Collar
Gavagai
9:44 Feudal Age
13:22 Castle Age
11:34 Double-Bit Axe
11:30 Horse Collar
TsuksEST
10:47 Feudal Age
9:03 Loom
14:59 Castle Age
Connection lost

Rejoining the realm…

Still unreachable

The connection could not be restored.

Session expired

The server has moved on; the page needs a fresh start.